cohdb
Replays
Latest Replays
All Replays
Popular Replays
Top Player Replays
Match Explorer
How It Works
Community
CoH3 Stats
Reddit
Sign in to upload your games and track your stats! →
Sign in with Steam
Match 44709764
Unlisted
Match 44709764
Overview
Messages
Build Orders
End
Selects Airborne Battlegroup
Selects Pathfinders
Pathfinder Squad
Construct Weapon Support Center
M1919 Machine Gun Team
M1919 Machine Gun Team
Selects Paratrooper Squad Paradrop
Paratrooper Squad Paradrop
Paratrooper Squad Paradrop
Construct Medical Station
Mechanized Support Center
Selects Anti-tank Gun Team Paradrop
Anti-tank Gun Team Paradrop
Designate Forward Repair Station
Construct Tank Depot
Engineer Squad
Anti-tank Gun Team Paradrop
Anti-tank Gun Team Paradrop
M4A1 Sherman Medium Tank
Paratrooper Squad Paradrop
M4A1 Sherman Medium Tank
M4A1 76mm Conversion
Kyp Durron
NaseMabi
pagep
7k this year for sure
0
0
Comments
sign in to comment!
No comments posted yet!